 Dungeon Crawl Stone Soup version 0.28.0 (webtiles) character file.

Game seed: 12247105535157378830

313 browni3141 the Chopper (level 6, -3/56 HPs)
             Began as a Minotaur Berserker on Feb 17, 2022.
             Was a Believer of Trog.
             Slain by an ogre (14 damage)
             ... on level 4 of the Dungeon.
             The game lasted 00:01:24 (2387 turns).

browni3141 the Chopper (Minotaur Berserker)         Turns: 2387, Time: 00:01:24

Health: -3/56      AC: 12    Str: 30    XL:     6   Next: 19%
Magic:  5/5        EV:  9    Int:  4    God:    Trog [**....]
Gold:   114        SH:  5    Dex:  9    Spells: 5/5 levels left

rFire   . . .      SeeInvis .   a - +0 hand axe
rCold   . . .      Faith    .   (no shield)
rNeg    . . .      Spirit   .   g - +0 chain mail
rPois   .          Reflect  +   (helmet restricted)
rElec   .          Harm     .   o - +0 cloak
rCorr   .          Rampage  .   (no gloves)
Will    .....                   n - +0 pair of boots
Stlth   ..........              f - amulet of reflection
HPRegen 0.18/turn               S - +6 ring of strength
MPRegen 0.09/turn               (no ring)

@: on berserk cooldown, slowed, very slow
A: horns 2, retaliatory headbutt
a: Renounce Religion, Berserk, Trog's Hand


You were on level 4 of the Dungeon.
You worshipped Trog.
Trog was pleased with you.
You visited 1 branch of the dungeon, and saw 4 of its levels.

You collected 114 gold pieces.


Innate Abilities, Weirdness & Mutations

You have a pair of horns on your head.
You reflexively headbutt those who attack you in melee.


   Skills:
 + Level 5.2 Fighting
 * Level 6.5 Axes
 + Level 4.4 Armour
 - Level 2.1 Dodging


You had 5 spell levels left.
You didn't know any spells.
Your spell library was empty.

Inventory:

Hand Weapons
 a - a +0 hand axe (weapon)
Armour
 b - a +0 animal skin
 g - a +0 chain mail (worn)
 n - a +0 pair of boots (worn)
 o - a +0 cloak (worn)
Jewellery
 f - an amulet of reflection (around neck)
 S - a +6 ring of strength (left hand)
Scrolls
 d - a scroll of teleportation {unknown}
 e - a scroll of noise {unknown}
 h - 2 scrolls of enchant armour {unknown}
 l - 3 scrolls of identify {unknown}
Potions
 c - 3 potions of haste {unknown}
 i - 2 potions of ambrosia {unknown}
 j - 2 potions of heal wounds {unknown}
 k - 2 potions of degeneration {unknown}
 m - a potion of curing {unknown}
 p - 2 potions of magic {unknown}

Dungeon Overview and Level Annotations

Branches:
Dungeon (4/15)
 Temple: D:4-7

Altars:
Nemelex Xobeh
The Shining One

Shops:
D:4

* # #..#......#
#.#######.).)¦
........##..¦)¦
..#.#...#.....¦.
#.........¦).......
.......^.....¦¦.¦¦.
####...(.¦¦¦.¦ ..¦
####...¦O¦ ... ...
...[...@.¦ .¦...¦.
.....##......¦¦.¦
##### #...¦.....)
#.......¦ ......¦ ¦
####.... .....
##...


You could see an ogre.


Message History

You are exhausted.
You feel yourself slow down. You block the iguana's attack.
You slash the iguana!
The iguana is severely wounded.
The iguana bites you.
* * * LOW HITPOINT WARNING * * *
You closely miss the iguana. Your headbutt misses the iguana.
The iguana is severely wounded.
The iguana bites you.
* * * LOW HITPOINT WARNING * * *
An ogre comes into view. It is wielding a +0 giant spiked club.
The iguana bites you but does no damage.
The ogre shouts!
You hit the iguana. Your headbutt misses the iguana.
The iguana is almost dead.
The iguana bites you!
* * * LOW HITPOINT WARNING * * *
You barely miss the iguana.
The iguana is almost dead.
The iguana bites you but does no damage.
The iguana barely misses you.
You slash the iguana!
You kill the iguana!
Trog accepts your kill.
The ogre hits you with a +0 giant spiked club!
* * * LOW HITPOINT WARNING * * *
The ogre misses you. You furiously retaliate!
You headbutt the ogre!
The ogre hits you with a +0 giant spiked club!
You die...

Skill      XL: |  1  2  3  4  5 |
---------------+----------------+-----
Axes           | 4 5 6 |  6.5
Fighting       | 4 5 |  5.2
Armour         | 3 4 |  4.4
Dodging        | |  2.1

Action                   |  1- 3 |  4- 6 || total
-------------------------+-------+-------++-------
Melee: Hand axe          |    57 |    48 ||   105
       Headbutt          |     8 |     5 ||    13
Invok: Berserk           |     1 |     2 ||     3
Armor: Animal skin       |     7 |       ||     7
       Chain mail        |    12 |    31 ||    43
Dodge: Dodged            |    29 |    24 ||    53
Block: Other             |     7 |     9 ||    16

Levels and vault maps discovered:
D:1:      erik_arrival_cave_to_civilisation [erik_arrival_cave_to_hall],
          layout_basic, minmay_box_of_dots
D:2:      layout_rooms, nicolae_ecumenical_pavilion, minmay_tetromino_i2,
          uniq_robin
D:3:      layout_rooms, uniq_jessica
D:4:      layout_loops_ring, grunt_temple_overflow_open, temple_hall_moat,
          serial_shops, kennysheep_mini_moat, kennysheep_little_box, shop,
          minmay_fractal_squares_5, uniq_duvessa, uniq_natasha

Notes
Turn   | Place    | Note
-------+----------+-------------------------------------------
     0 | D:1      | browni3141 the Minotaur Berserker began the quest for the
                  | Orb.
     0 | D:1      | Reached XP level 1. HP: 19/19 MP: 0/0
   126 | D:1      | Reached skill level 4 in Axes
   126 | D:1      | Reached XP level 2. HP: 11/27 MP: 1/1
   814 | D:1      | Reached skill level 4 in Fighting
  1145 | D:2      | Found a faded altar of an unknown god.
  1166 | D:2      | You fall into a shaft and drop 2 floors!
  1185 | D:4      | Found Bufief's General Store.
  1188 | D:4      | Found a glowing golden altar of the Shining One.
  1189 | D:4      | Found a sparkling altar of Nemelex Xobeh.
  1200 | D:3      | Reached skill level 3 in Armour
  1224 | D:3      | Reached XP level 3. HP: 29/33 MP: 2/2
  1285 | D:3      | Noticed Jessica
  1291 | D:3      | Killed Jessica
  1468 | D:2      | Reached ** piety under Trog
  1592 | D:2      | Noticed Robin
  1595 | D:2      | Reached XP level 4. HP: 33/40 MP: 3/3
  1599 | D:2      | Reached skill level 5 in Axes
  1602 | D:2      | Killed Robin
  2253 | D:4      | Noticed Natasha
  2260 | D:4      | Killed Natasha
  2261 | D:4      | Reached XP level 5. HP: 47/47 MP: 4/4
  2359 | D:4      | Noticed Dowan
  2360 | D:4      | Noticed Duvessa
  2369 | D:4      | Killed Duvessa
  2370 | D:4      | Reached skill level 5 in Fighting
  2370 | D:4      | Reached skill level 6 in Axes
  2370 | D:4      | Reached skill level 4 in Armour
  2372 | D:4      | Killed Dowan
  2373 | D:4      | Reached XP level 6. HP: 48/56 MP: 5/5
  2387 | D:4      | Slain by an ogre

Vanquished Creatures
  Duvessa (D:4)
  Dowan (D:4)
  Jessica (D:3)
  An iguana (D:4)
  Natasha (D:4)
  Robin (D:2)
  2 adders (D:2)
  A dart slug (D:1)
  An orc (D:4)
  5 ball pythons
  4 bats
  4 endoplasms
  A giant cockroach (D:3)
  17 goblins
  6 hobgoblins
  2 jackals (D:1)
  6 kobolds
  A quokka (D:3)
  A frilled lizard (D:1)
  7 rats
64 creatures vanquished.

Table legend: (Time is in decaauts)
 A = Elapsed time spent in this place.
 B = Non-inter-level travel time spent in this place.
 C = Inter-level travel time spent in this place.
 D = Time resting spent in this place.
 E = Time spent auto-exploring this place.
 F = Levels seen in this place.
 G = Mean time per level.
                   A        B        C        D        E       F      G
               +--------+--------+--------+--------+--------+-----+--------+
         Total |   2411 |   2357 |     54 |     67 |   1909 |   4 |  602.8 |
       Dungeon |   2411 |   2357 |     54 |     67 |   1909 |   4 |  602.8 |
               +--------+--------+--------+--------+--------+-----+--------+

Top non-repeatable levels by time:
     D:1: 1147 daAuts
     D:2: 655 daAuts
     D:3: 439 daAuts
     D:4: 168 daAuts

Table legend:
 A = Non-vault XP
 B = Vault XP
 C = Vault XP percentage of total XP
 D = Non-vault monster count
 E = Vault monster count
 F = Vault count percentage of total count
                 A         B        C        D         E       F
            +---------+---------+-------+---------+---------+-------
      Total |      88 |     360 |  80.4 |      38 |      26 |  40.6
            +---------+---------+-------+---------+---------+-------
        D:1 |      29 |       5 |  14.7 |      17 |       2 |  10.5
        D:2 |      45 |      41 |  47.7 |      14 |      14 |  50.0
        D:3 |       9 |      37 |  80.4 |       5 |       1 |  16.7
        D:4 |       5 |     277 |  98.2 |       2 |       9 |  81.8
            +---------+---------+-------+---------+---------+-------
